 Dungeon Sprint DCSS version 0.31.0-32-g396128a36d (webtiles) character file.

Game seed: 4648652368069711481

29129 Heoruswealwe the Phalangite (level 13, -8/143 HPs)
             Began as a Minotaur Fighter on Apr 4, 2024.
             Was an Initiate of Gozag.
             Killed by angry trees
             ... awakened by a spriggan druid
              (10 damage)
             ... in the Dungeon (Sprint IX: "|||||||||||||||||||||||||||||").
             The game lasted 00:30:19 (2566 turns).

Heoruswealwe the Phalangite (Minotaur Fighter)      Turns: 2566, Time: 00:30:19

Health: -8/143     AC: 36    Str: 29    XL:     13   Next: 13%
Magic:  12/12      EV:  6    Int:  5    God:    Gozag
Gold:   1968       SH: 13    Dex: 10    Spells: 12/12 levels left

rFire   . . .        a - +16 obsidian axe {drain, demonic, Mesm ^Drain Fly SInv}
rCold   + . .        d - +1 tower shield
rNeg    . . .        c - +1 plate armour of the Hanged Man {rC+ Regen+}
rPois   .            (helmet restricted)
rElec   +            h - +1 cloak of the Lotus Blossom {+Inv Fly}
rCorr   +            f - +2 pair of gloves {Stlth+}
SInv    +            e - +3 pair of seven-league boots {Rampage+∞}
Will    .....        (no amulet) Stlth
                     k - +3 ring of strength
HPRegen 1.23/turn    j - ring of Kamn {*Slow rElec rCorr AC+4}
MPRegen 0.13/turn

%: no teleportation, slow self (1%), rampage+∞
@: gold aura, flying, mesmerised, hasted and slowed, studying Shields
A: horns 2, retaliatory headbutt
a: Renounce Religion, Evoke Invisibility, Potion Petition, Call Merchant, Bribe
Branch


You were in the Dungeon.
You worshipped Gozag.
Gozag was most pleased with you.
You visited 1 branch You collected 11052 gold pieces.
You spent 4340 gold pieces at shops.
You paid 4744 gold pieces to Gozag.

Inventory:

Hand Weapons
 a - the +16 obsidian axe (weapon) {drain, demonic, Mesm ^Drain Fly SInv}
   (You bought it in a shop in the Dungeon)

   Mesm:      Its wielder is mesmerised by any visible foes, and it cannot be
   unequipped while any foes are visible.
   SInv:      It lets you see invisible.
   Fly:       It grants you flight.
   ^Drain:    It drains your maximum health when unequipped.
 b - a +2 halberd of protection
Armour
 c - the +1 plate armour of the Hanged Man (worn) {rC+ Regen+}
   (You bought it in a shop in the Dungeon)

   rC+:       It protects you from cold.
   Regen+:    It increases your rate of health regeneration.
 d - a +1 tower shield (worn)
 e - the +3 pair of seven-league boots (worn) {Rampage+∞}
   (You bought it in a shop in the Dungeon)

   Rampage+∞: When moving toward enemies, its wearer moves as far as possible,
   alerting their target en route.
 f - a +2 pair of gloves of stealth (worn)
 h - the +1 cloak of the Lotus Blossom (worn) {+Inv Fly}
   (You found it in the Dungeon)

   +Inv:      It lets you turn invisible.
   Fly:       It grants you flight.
Jewellery
 j - the ring of Kamn (right hand) {*Slow rElec rCorr AC+4}
   (You bought it in a shop in the Dungeon)

   [ring of protection]

   AC+4:      It affects your AC (+4).
   rElec:     It insulates you from electricity.
   rCorr:     It protects you from acid and corrosion.
   *Slow:     It may slow you when you take damage.
 k - a +3 ring of strength (left hand)
Wands
 m - a wand of quicksilver (9)
Scrolls
 p - 2 scrolls of enchant weapon
 q - 2 scrolls of blinking
Potions
 g - 2 potions of haste
 i - a potion of mutation
 n - 3 potions of might
 o - 3 potions of resistance


   Skills:
 + Level 21.0 Fighting
 * Level 16.2(22.1) Axes
 - Level 24.3(26.0) Polearms
 + Level 21.0 Armour
 - Level 3.6 Shields


You had 12 spell levels left.
You didn't know any spells.
Your spell library was empty.

Dungeon Overview and Level Annotations

Branches:
Dungeon (1/1)

Altars:
Cheibriados
Dithmenos
Elyvilon
Fedhas
Gozag
Hepliaklqana
Kikubaaqudgha
Makhleb
Nemelex Xobeh
Okawaru
Qazlal
Ru
Sif Muna
Trog
Uskayaw
Vehumet
Wu Jian
Xom
Yredelemnul
Zin
The Shining One
Jiyva
Lugonu

Shops:
D (((((=:=[


Innate Abilities, Weirdness & Mutations

You have a pair of horns on your head.
You reflexively headbutt those who attack you in melee.


Message History

You cannot blink away from the spriggan rider!
Blink to where?
Press: ? - help, Dir - move target, f - you
Okay, then.
You feel better. A root smacks you from below!
* * * LOW HITPOINT WARNING * * *
Your smoke demon is hit by a branch!
The spriggan rider hits you but does no damage.
Your smoke demon gestures at the spriggan rider.
The spriggan rider is smitten.
The spriggan rider hits your smoke demon from afar with a +0 spear!!
Your smoke demon dies!
Your smoke demon disappears in a puff of smoke!
You feel yourself speed up.
You are waved at by a branch.
You feel roots moving beneath the ground.
You are hit by a branch!
* * * LOW HITPOINT WARNING * * *
The spriggan druid calls out to the beasts of the wild!
A moth of wrath comes into view.
You block the spriggan rider's attack.
The spriggan druid calls out to the beasts of the wild!
The moth of wrath goads the spriggan rider on!
The spriggan rider goes berserk!
You miss the spriggan rider.
Your headbutt misses the spriggan rider.
The spriggan rider is heavily wounded.
You are hit by a branch!
* * * LOW HITPOINT WARNING * * *
You block the spriggan rider's attack.
The spriggan rider hits you but does no damage.
You slash the spriggan rider! You drain the spriggan rider!
You kill the hornet!
The spriggan falls from its now dead mount.
Your headbutt misses the spriggan.
The spriggan is severely wounded.
You slice the moth of wrath!! You drain the moth of wrath!
The trees move their gnarly branches around.
A root smacks you from below!
You die...
Your body crumbles into a pile of gold.

♣♣♣♣♣♣♣♣▓▓▓▓▓▓▓▓▓▓▓▓▓▓▓▓
.nDyiDi@y.......['......
▓▓▓▓▓▓▓♣♣♣♣♣♣♣♣♣♣▓▓▓▓▓▓▓▓▓▓▓▓▓▓▓▓
........................)........
▓▓▓▓▓▓▓▓▓▓▓▓▓▓▓▓▓▓▓▓▓▓▓▓▓▓▓▓▓▓▓▓▓
......??![[[[[[.[[.)))))))).===='
▓▓▓▓▓▓▓▓▓▓▓▓▓▓▓▓▓▓▓▓▓▓▓▓▓▓▓▓▓▓▓▓▓
.................................
▓▓▓▓▓▓▓▓▓▓▓▓▓▓▓▓▓▓▓▓▓▓▓▓▓▓▓▓▓▓▓▓▓
)'............[.............)....


You could see an eight-headed hydra, a swamp dragon, a moth of wrath (drained),
a spriggan druid, a vampire mosquito, a bloated husk and a spriggan
(mesmerising, berserk, drained).

Vanquished Creatures
  A sphinx (D)
  A frost giant (D)
  2 bunyips (D)
  Josephine (D)
  A rakshasa (D)
  2 fire dragons (D)
  Harold (D)
  4 hydras (D)
  A two-headed ogre (D)
  3 death yaks (D)
  A naga warrior (D)
  A tengu warrior (D)
  A naga sharpshooter (D)
  7 orc high priests (D)
  A shock serpent (D)
  A mana viper (D)
  An orc knight (D)
  A manticore (D)
  An ugly thing (D)
  2 cyclopes (D)
  A meliai (D)
  3 black mambas (D)
  A cane toad (D)
  A komodo dragon (D)
  2 polar bears (D)
  2 hornets (D)
  5 wraiths (D)
  7 yaks (D)
  2 acid dragons (D)
  7 water moccasins (D)
  8 orc warriors (D)
  A black bear (D)
  2 laughing skulls (D)
  2 ogres (D)
  2 bullfrogs (D)
  A killer bee (D)
  A bombardier beetle (D)
  A jelly (D)
  13 orc priests (D)
  3 orc wizards (D)
  2 dart slugs (D)
  8 orcs (D)
  A giant cockroach (D)
  A hobgoblin (D)
  A ball python (D)
112 creatures vanquished.

Vanquished Creatures (collateral kills)
  A tengu warrior (D)
  A cyclops (D)
  A manticore (D)
  2 black mambas (D)
  A naga mage (D)
  A naga (D)
7 creatures vanquished.

Grand Total: 119 creatures vanquished

Notes
Turn   | Place    | Note
-------+----------+-------------------------------------------
     0 | D        | Heoruswealwe the Minotaur Fighter began the quest for the
                  | Orb.
     0 | D        | Reached XP level 1. HP: 19/19 MP: 0/0
     5 | D        | Reached skill level 3 in Polearms
    16 | D        | Reached skill level 4 in Polearms
    16 | D        | Reached XP level 2. HP: 28/28 MP: 1/1
    21 | D        | Noticed an ogre
    21 | D        | Noticed an ogre
    21 | D        | Noticed a bombardier beetle
    23 | D        | Reached skill level 5 in Fighting
    23 | D        | Reached skill level 6 in Polearms
    23 | D        | Reached skill level 5 in Armour
    23 | D        | Reached XP level 3. HP: 34/36 MP: 2/2
    28 | D        | Reached skill level 7 in Polearms
    28 | D        | Reached XP level 4. HP: 41/44 MP: 3/3
    31 | D        | Killed an ogre
    32 | D        | Reached skill level 9 in Polearms
    32 | D        | Reached XP level 5. HP: 29/52 MP: 4/4
    46 | D        | Killed an ogre
    47 | D        | Reached skill level 10 in Polearms
    53 | D        | Found a snail-covered altar of Cheibriados.
    53 | D        | Found a shadowy altar of Dithmenos.
    53 | D        | Found a white marble altar of Elyvilon.
    53 | D        | Found a blossoming altar of Fedhas.
    53 | D        | Found an opulent altar of Gozag.
    54 | D        | Found a hazy altar of Hepliaklqana.
    55 | D        | Found a viscous altar of Jiyva.
    56 | D        | Found an ancient bone altar of Kikubaaqudgha.
    57 | D        | Found a corrupted altar of Lugonu.
    58 | D        | Found a burning altar of Makhleb.
    59 | D        | Found a sparkling altar of Nemelex Xobeh.
    60 | D        | Found an iron altar of Okawaru.
    61 | D        | Became a worshipper of Gozag Ym Sagoz the Greedy
    62 | D        | Found a stormy altar of Qazlal.
    63 | D        | Found a sacrificial altar of Ru.
    64 | D        | Found a shimmering blue altar of Sif Muna.
    65 | D        | Found a bloodstained altar of Trog.
    66 | D        | Found a hide-covered altar of Uskayaw.
    67 | D        | Found a radiant altar of Vehumet.
    68 | D        | Found an ornate altar of the Wu Jian Council.
    69 | D        | Found a shimmering altar of Xom.
    70 | D        | Found a basalt altar of Yredelemnul.
    71 | D        | Found a glowing silver altar of Zin.
    72 | D        | Found a glowing golden altar of the Shining One.
   171 | D        | Noticed a yak
   171 | D        | Noticed a wraith
   171 | D        | Noticed a hornet
   171 | D        | Noticed an acid dragon
   181 | D        | Killed an acid dragon
   182 | D        | Reached skill level 11 in Polearms
   182 | D        | Reached XP level 6. HP: 38/63 MP: 5/5
   186 | D        | Reached skill level 12 in Polearms
   189 | D        | Paralysed by a hornet for 2 turns
   198 | D        | Killed a hornet
   199 | D        | Reached skill level 10 in Fighting
   199 | D        | Reached skill level 13 in Polearms
   199 | D        | Reached skill level 10 in Armour
   199 | D        | Reached XP level 7. HP: 44/72 MP: 6/6
   205 | D        | Killed a wraith
   206 | D        | Reached skill level 14 in Polearms
   208 | D        | Killed a yak
   289 | D        | Noticed a wraith
   289 | D        | Noticed a white ugly thing
   289 | D        | Noticed a manticore
   289 | D        | Noticed a two-headed ogre
   293 | D        | Reached XP level 8. HP: 64/82 MP: 7/7
   300 | D        | Killed a two-headed ogre
   301 | D        | Reached skill level 16 in Polearms
   529 | D        | Killed a manticore
   530 | D        | Reached skill level 17 in Polearms
   530 | D        | Reached XP level 9. HP: 84/92 MP: 8/8
   535 | D        | Killed a white ugly thing
   538 | D        | Reached skill level 18 in Polearms
   732 | D        | Noticed a cane toad
   732 | D        | Noticed a komodo dragon
   739 | D        | Killed a komodo dragon
   742 | D        | Killed a cane toad
   754 | D        | Reached skill level 19 in Polearms
   770 | D        | Noticed a black mamba
   770 | D        | Noticed a polar bear
   770 | D        | Noticed a seven-headed hydra
   770 | D        | Noticed a polar bear
   772 | D        | Reached XP level 10. HP: 104/104 MP: 9/9
   774 | D        | Killed a nine-headed hydra
   779 | D        | Reached skill level 20 in Polearms
   782 | D        | Reached skill level 15 in Fighting
   782 | D        | Reached skill level 15 in Armour
   783 | D        | Noticed a black mamba
   794 | D        | Killed a black mamba
   796 | D        | Killed a black mamba
   967 | D        | Noticed a death yak
   967 | D        | Noticed a death yak
   967 | D        | Noticed a death yak
   976 | D        | Killed a death yak
   977 | D        | Reached skill level 21 in Polearms
   983 | D        | Killed a death yak
   989 | D        | Killed a death yak
   992 | D        | Reached XP level 11. HP: 90/114 MP: 10/10
  1003 | D        | Reached skill level 22 in Polearms
  1258 | D        | Noticed an orc high priest
  1266 | D        | Noticed an orc knight
  1270 | D        | Killed an orc high priest
  1286 | D        | Killed an orc knight
  1333 | D        | Reached skill level 23 in Polearms
  1401 | D        | Found Koikid's Antique Armour Boutique.
  1401 | D        | Noticed an orc high priest
  1401 | D        | Noticed an orc high priest
  1401 | D        | Noticed an orc high priest
  1404 | D        | Noticed an orc high priest
  1413 | D        | Killed an orc high priest
  1421 | D        | Killed an orc high priest
  1427 | D        | Noticed a sun demon
  1438 | D        | Killed an orc high priest
  1447 | D        | Killed an orc high priest
  1449 | D        | Noticed an orc high priest
  1459 | D        | Found Onahuoss's Jewellery Shop.
  1464 | D        | Killed an orc high priest
  1465 | D        | Reached skill level 24 in Polearms
  1643 | D        | Found Hiamy's Book Boutique.
  1647 | D        | Found Geckal's Jewellery Shop.
  1652 | D        | Noticed an orc high priest
  1675 | D        | Killed an orc high priest
  1765 | D        | Bought a pair of glowing gloves for 157 gold pieces
  1765 | D        | Bought a warped plate armour for 588 gold pieces
  1765 | D        | Identified the +1 plate armour of the Hanged Man {rC+
                  | Regen+} (You bought it in a shop in the Dungeon)
  1765 | D        | Bought a pair of runed boots for 157 gold pieces
  1765 | D        | Bought the +3 pair of seven-league boots {Rampage+∞} for
                  | 840 gold pieces
  1765 | D        | Found the +3 pair of seven-league boots {Rampage+∞}
  1809 | D        | Bought the ring of Kamn {*Slow rElec rCorr AC+4} for 500
                  | gold pieces
  1811 | D        | Bought a manual of Shields for 960 gold pieces
  1840 | D        | Bought the +16 obsidian axe {drain, demonic, Mesm ^Drain
                  | Fly SInv} for 1138 gold pieces
  1840 | D        | Found the +16 obsidian axe {drain, demonic, Mesm ^Drain Fly
                  | SInv}
  1906 | D        | Noticed Harold
  1910 | D        | Killed Harold
  2086 | D        | Got the +1 cloak of the Lotus Blossom {+Inv Fly}
  2173 | D        | Noticed an eight-headed hydra
  2173 | D        | Noticed a five-headed hydra
  2177 | D        | Killed an eight-headed hydra
  2178 | D        | Reached skill level 5 in Axes
  2183 | D        | Noticed a tengu warrior
  2185 | D        | Reached XP level 12. HP: 94/128 MP: 11/11
  2190 | D        | Killed a ten-headed hydra
  2190 | D        | Noticed a rakshasa
  2208 | D        | Killed a tengu warrior
  2219 | D        | Killed a rakshasa
  2220 | D        | Reached skill level 10 in Axes
  2283 | D        | Noticed a fire dragon
  2283 | D        | Noticed a tengu warrior
  2284 | D        | Noticed a frost giant
  2284 | D        | Noticed a fire dragon
  2284 | D        | Noticed a sphinx
  2286 | D        | Killed a fire dragon
  2288 | D        | Killed a tengu warrior
  2290 | D        | Killed a sphinx
  2299 | D        | Killed a frost giant
  2300 | D        | Killed a fire dragon
  2418 | D        | Noticed Josephine
  2425 | D        | Killed Josephine
  2498 | D        | Noticed a naga warrior
  2506 | D        | Reached skill level 15 in Axes
  2510 | D        | Killed a naga warrior
  2511 | D        | Reached XP level 13. HP: 110/141 MP: 12/12
  2550 | D        | Noticed a bunyip
  2550 | D        | Noticed a bunyip
  2553 | D        | Killed a bunyip
  2558 | D        | Killed a bunyip
  2565 | D        | HP: 1/143 [spriggan druid/angry trees (13)]
  2566 | D        | Killed from afar by a spriggan druid

Illustrated notes

Levels and vault maps discovered:
D:        linesprint [early_d, line_temple, items_1, d_10, items_2, lair_1,
          lair_end, items_3, orc_1, orc_end, items_4, d_15, swamp_1, shoals_1,
          snake_1, spider_1, d_20, vaults_1, items_5, swamp_end, shoals_end,
          snake_end, spider_end, vaults_end, d_27, items_6, zot_1, zot_end,
          crypt_end, forest_end, elf_end, slime_end, tomb_end, abyss_end,
          pan_hell_end]

Skill      XL: |  1  2  3  4  5  6  7  8  9 10 11 12 13 |
---------------+----------------------------------------+-----
Polearms       | 4 6 7 9 11 13 14 17 19 21 24 | 24.3
Fighting       | 4 5 6 7 9 10 11 12 14 16 18 20 21 | 21.0
Armour         | 4 5 6 7 9 10 11 12 14 16 18 20 21 | 21.0
Axes           | 5 15 16 | 16.2
Shields        | |  3.6

Action                     |  1- 3 |  4- 6 |  7- 9 | 10-12 | 13-15 || total
---------------------------+-------+-------+-------+-------+-------++-------
  Melee: Trident           |    17 |    19 |       |       |       ||    36
         Headbutt          |     2 |    10 |     7 |    60 |     2 ||    81
         Halberd           |       |    23 |    61 |   190 |       ||   274
         Broad axe         |       |       |       |    65 |    14 ||    79
 Invoke: Call Merchant     |       |       |       |     5 |       ||     5
  Evoke: Wand              |       |       |       |     1 |       ||     1
    Use: Potion            |       |     3 |     1 |     7 |     2 ||    13
   Stab: Distracted        |       |       |       |     1 |       ||     1
 Armour: Scale mail        |     6 |     7 |       |       |       ||    13
         Plate armour      |       |    25 |    36 |   162 |     8 ||   231
  Dodge: Dodged            |     2 |    16 |    12 |    58 |     1 ||    89
  Block: Buckler           |       |     1 |       |       |       ||     1
         Tower shield      |       |       |       |    35 |     8 ||    43
